 Dungeon Crawl Stone Soup version 0.30-b1-2-g02819fbbbe (webtiles) character file.

Game seed: 17199250420066676892

335 Alarkh the Insei (level 6, 47/47 HPs)
             Began as a Demonspawn Delver on May 22, 2023.
             Quit the game on level 5 of the Dungeon.
             The game lasted 00:01:42 (202 turns).

Alarkh the Insei (Demonspawn Delver)                 Turns: 202, Time: 00:01:42

Health: 47/47      AC:  3    Str: 12    XL:     6   Next: 28%
Magic:  6/6        EV: 11    Int: 13    God:
Gold:   10         SH:  0    Dex: 15    Spells: 5/5 levels left

rFire   . .          .
                       - Unarmed
rCold   . . .        (no shield)
rNeg    . . .        a - +0 leather armour
rPois   .            (helmet restricted)
rElec   .            (no cloak)
rCorr   .            (no gloves)
SInv    .            (no boots)
Will    .....        (no amulet)
Stlth   +++          (no ring)
HPRegen 0.27/turn    (no ring)
MPRegen 0.10/turn

%: no passive effects
@: hasted, very quick
A: antennae 1, hooves 1, weakness stinger 1
a: no special abilities


You were on level 5 of the Dungeon.
You visited 1 branch of the dungeon, and saw 2 of its levels.

You collected 10 gold pieces.

Inventory:

Armour
 a - a +0 leather armour (worn)
Wands
 c - a wand of mindburst (5)
 f - a wand of digging (2)
Scrolls
 b - a scroll of fog
 d - a scroll of fear
 h - a scroll of identify {unknown}
Potions
 g - a potion of magic {unknown}


   Skills:
 - Level 3.0 Fighting
 - Level 1.7 Dodging
 - Level 4.5 Stealth
 + Level 6.1 Unarmed Combat


You had 5 spell levels left.
You didn't know any spells.
Your spell library was empty.

Dungeon Overview and Level Annotations

Branches:
Dungeon (5/15)
 Temple: D:4-7

Altars:
Kikubaaqudgha

Portals:
Ossuary: D:5

Annotations:
D:4 Natasha


Innate Abilities, Weirdness & Mutations

You have a pair of small antennae on your head.
You have large cloven feet.
You have a small tail.


Message History

You climb upwards.
Level annotation: Natasha
Found a scroll labelled GUFYLU HIQODGH.
There is a stone staircase leading down here.
There is a stone staircase leading down here.
You climb downwards.
You hear the hiss of flowing sand.
There is an entrance to an ossuary on this level.
Hurry and find it before the portal is buried!
There is a stone staircase leading up here.
There is a stone staircase leading up here.
You open the door.
There is an open door here.
There is an open door here.
An ice beast comes into view.
Found 15 gold pieces.
You hear the hiss of an avalanche of sand very nearby.
Aiming: Mindburst
Press: ? - help, Shift-Dir - straight line, f - ice beast
Aim: an ice beast (chance to affect: 64%)
The ice beast's mind is blasted!!
Aiming: Mindburst
Press: ? - help, Shift-Dir - straight line, f/p - ice beast
Aim: an ice beast (severely wounded, chance to affect: 64%)
The ice beast struggles to resist.
Aiming: Mindburst
Press: ? - help, Shift-Dir - straight line, f/p - ice beast
Aim: an ice beast (severely wounded, chance to affect: 64%)
The ice beast struggles to resist.
Aiming: Mindburst
Press: ? - help, Shift-Dir - straight line, f/p - ice beast
Aim: an ice beast (severely wounded, chance to affect: 64%)
The ice beast's mind is blasted!
You blow up the ice beast!
Your Unarmed Combat skill increases to level 6!
You have reached level 6!
Your demonic ancestry asserts itself...
Your feet thicken and deform.
Are you sure you want to abandon this character and quit the game? (Confirm with "yes".)
Okay, then.
Are you sure you want to abandon this character and quit the game? (Confirm with "yes".)

,,#........[[..............,,,,*,
**#...+....................,,,,*,
,,#...#........[...........,,,,*,
,,#..,#....................,,,,*,
,*#..,#....................,,,,**
,*#.,,####.##+#.....#####+#*,,,,,
**#.,,,,#.....#.....#,,,,,,*,,,,,
,,*,,,,,#.....#.....#,,,,,,+,,,,,
,,+,,,,,#.....+.@...#,,,,,,*,,,,,
,,******##.####.....#*******,,,,,
,,,,,,,,,#....#.........,,,,,,,,,
,,..:....#....#.........,,,,,,,,,
**,......+....#........$,,,,,,,,,
**#..s..#....#.........,,,,,,,,,
####.....#....#.........,,,,,,,,,
..##.l...#.####.........,,,,,,,,,
<.##...###'## **********+****,,,,


There were no monsters in sight!

Vanquished Creatures
  An ice beast (D:5)
  4 wights (D:5)
  An iguana (D:5)
  A dart slug (D:5)
  An endoplasm (D:4)
  A goblin (D:4)
9 creatures vanquished.

Notes
Turn   | Place    | Note
-------+----------+-------------------------------------------
     0 | D:5      | Alarkh the Demonspawn Delver began the quest for the Orb.
     0 | D:5      | Reached XP level 1. HP: 18/18 MP: 1/1
     9 | D:5      | Reached skill level 2 in Unarmed Combat
    31 | D:4      | Noticed Natasha
    37 | D:4      | Found an ancient bone altar of Kikubaaqudgha.
   111 | D:5      | Noticed an iguana
   112 | D:5      | Noticed a scorpion
   136 | D:5      | Found a sand-covered staircase.
   148 | D:5      | Noticed a wight
   149 | D:5      | Noticed a wight
   152 | D:5      | Noticed a wight
   152 | D:5      | Noticed a wight
   154 | D:5      | Killed a wight
   155 | D:5      | Reached skill level 3 in Unarmed Combat
   155 | D:5      | Discovered your monstrous ancestry.
   155 | D:5      | Gained mutation: You have a small tail. [demonic ancestry]
   155 | D:5      | Reached XP level 2. HP: 24/24 MP: 2/2
   155 | D:5      | Reached XP level 3. HP: 29/29 MP: 3/3
   160 | D:5      | Killed a wight
   161 | D:5      | Reached skill level 4 in Unarmed Combat
   161 | D:5      | Reached XP level 4. HP: 35/35 MP: 4/4
   163 | D:5      | Reached skill level 5 in Unarmed Combat
   163 | D:5      | Gained mutation: You have a pair of small antennae on your
                  | head. [demonic ancestry]
   163 | D:5      | Reached XP level 5. HP: 41/41 MP: 5/5
   195 | D:5      | Noticed an ice beast
   201 | D:5      | Killed an ice beast
   202 | D:5      | Reached skill level 6 in Unarmed Combat
   202 | D:5      | Gained mutation: You have large cloven feet. [demonic
                  | ancestry]
   202 | D:5      | Reached XP level 6. HP: 47/47 MP: 6/6
   202 | D:5      | Quit the game

Illustrated notes

Levels and vault maps discovered:
D:4:      layout_loops_ring, mainiacjoe_overflow_catwalk,
          nicolae_ashenzari_panopticon, mainiacjoe_overflow_big_doors,
          nicolae_shop_gadgets, uniq_pikel, uniq_natasha, uniq_robin
D:5:      layout_gridville, mainiacjoe_overflow_brackets, kennysheep_mini_moat,
          nicolae_ossuary_entry_ruins, serial_shops, shop,
          nicolae_elevator_lobby_plus

Skill      XL: |  1  2  3  4  5 |
---------------+----------------+-----
Unarmed Combat | 3 4 5 6 |  6.1
Fighting       | |  3.0
Dodging        | |  1.7
Stealth        | |  4.5

Action                     |  1- 3 |  4- 6 || total
---------------------------+-------+-------++-------
  Melee: Unarmed           |    16 |       ||    16
  Evoke: Wand              |     7 |    11 ||    18
    Use: Scroll            |     1 |       ||     1
         Potion            |     1 |       ||     1
 Armour: Leather armour    |     3 |       ||     3
  Dodge: Dodged            |     6 |       ||     6
